 Dungeon Crawl Stone Soup version 0.25-a0-1056-g2efb326896 (webtiles) character file.

Game seed: 16365599075760620472, levelgen mode: deterministic

95 Hugehornet the Insei (level 4, -3/28 HPs)
             Began as an Octopode Transmuter on May 13, 2020.
             Slain by an orc (5 damage)
             ... on level 3 of the Dungeon.
             The game lasted 00:02:52 (2147 turns).

Hugehornet the Insei (Octopode Transmuter)          Turns: 2147, Time: 00:02:52

Health: -3/28      AC:  1    Str:  9    XL:     4   Next: 66%
Magic:  8/8        EV: 13    Int: 16    God:
Gold:   44         SH:  0    Dex: 12    Spells: 2/8 levels left

rFire    . . .     SeeInvis .     - Unarmed
rCold    . . .     Gourm    .   (no shield)
rNeg     . . .     Faith    .   (helmet restricted)
rPois    .         Spirit   .   (no amulet)
rElec    .         Reflect  .   (no ring)
rCorr    .         Harm     .   (no ring)
MR       .....                  (no ring)
Stlth    ++........             (no ring)
HPRegen  0.09/turn              (no ring)
MPRegen  0.11/turn              (no ring)
                                (no ring)
                                (no ring)

@: appendage (expiring)
A: almost no armour, stealthy swim, amphibious, 8 rings, constrict 8, tentacle
spike 3, camouflage 1, gelatinous body 1
a: End Transformation


You were on level 3 of the Dungeon.
You were not hungry.
One of your tentacles had a temporary spike.
You visited 1 branch of the dungeon, and saw 3 of its levels.

You collected 44 gold pieces.

Inventory:

Missiles
 a - 58 arrows
Scrolls
 b - a scroll of fog {unknown}
 d - a scroll of identify {unknown}
 h - 2 scrolls of noise {unknown}
 i - a scroll of enchant armour {unknown}
Potions
 e - a potion of resistance {unknown}
 g - a potion of mutation {unknown}
Comestibles
 c - 5 rations
 f - 7 chunks of flesh


   Skills:
 - Level 1.0 Fighting
 - Level 2.0 Dodging
 + Level 3.3 Unarmed Combat
 + Level 2.8 Spellcasting
 - Level 3.0 Transmutations
 * Level 2.4 Poison Magic


You had 2 spell levels left.
You knew the following spells:

 Your Spells              Type           Power        Failure   Level  Hunger
a - Beastly Appendage     Tmut           ##....       5%          1    #......
b - Sticks to Snakes      Tmut           ##......     9%          2    ##.....
c - Spider Form           Tmut/Pois      ##........   19%         3    ###....

Your spell library contained the following spells:

 Spells                   Type           Power        Failure   Level  Hunger
 Ice Form                 Ice/Tmut       #.......     71%         4    #####..
 Blade Hands              Tmut           ##........   83%         5    ######.


Dungeon Overview and Level Annotations

Branches:
Dungeon (3/15)

Altars:


Innate Abilities, Weirdness & Mutations

You cannot wear most types of armour.
You are very stealthy in the water. (Stealth+)
You are amphibious.
You can wear up to eight rings at the same time.
You can use your tentacles to constrict eight enemies at once.
Your skin changes colour to match your surroundings (Stealth+).
Your rubbery body absorbs attacks. (AC +1, EV +1)
One of your tentacles bears a large vicious spike.


Message History

The orc hits you with a +0 war axe.
You tentacle-slap the orc but do no damage.
You squeeze the orc.
The orc is almost dead.
You constrict the orc, but do no damage.
The orc hits you with a +0 war axe!
* * * LOW HITPOINT WARNING * * *
You tentacle-slap the orc but do no damage.
The orc is almost dead.
You constrict the orc, but do no damage.
The orc hits you with a +0 war axe.
* * * LOW HITPOINT WARNING * * *
You tentacle-slap the orc but do no damage.
The orc is almost dead.
You constrict the orc, but do no damage.
The orc barely misses you.
You tentacle-slap the orc.
You kill the orc!
The orc hits you.
You die...

#.......######.......<..
#..........# #..........
#..........####..........
#^.......................
...........####.........#
...........# ###.#####.
...###########().# .(.
####..(### #....@##
#)..o)# ...$....#
......... .........
#..###.#.. ... #? .. ..
.. ...


You could see an orc.

Vanquished Creatures
  4 adders
  A worm (D:2)
  A dart slug (D:2)
  6 leopard geckos
  2 orcs (D:3)
  3 ball pythons
  3 bats (D:1)
  2 giant cockroaches (D:1)
  9 goblins
  A hobgoblin (D:1)
  2 jackals (D:1)
  4 kobolds
  A quokka (D:2)
  2 frilled lizards (D:1)
  5 rats
46 creatures vanquished.

Notes
Turn   | Place    | Note
-------+----------+-------------------------------------------
     0 | D:1      | Hugehornet the Octopode Transmuter began the quest for the
                  | Orb.
     0 | D:1      | Reached XP level 1. HP: 13/13 MP: 3/3
   202 | D:1      | Reached XP level 2. HP: 18/18 MP: 3/5
   641 | D:1      | Learned a level 2 spell: Sticks to Snakes
   670 | D:1      | Reached XP level 3. HP: 21/23 MP: 4/6
   675 | D:1      | Learned a level 3 spell: Spider Form
  1100 | D:2      | Reached skill level 1 in Poison Magic
  1796 | D:2      | Reached XP level 4. HP: 17/28 MP: 6/8
  2145 | D:3      | HP: 1/28 [orc/+0 war axe (4)]
  2147 | D:3      | Slain by an orc

Illustrated notes

Levels and vault maps discovered:
D:1:      dpeg_arrival_simpleton_b, layout_rooms
D:2:      layout_loops_cross, first_ration
D:3:      layout_rooms, nemelex_lonely_heart_becter

Skill      XL: |  1  2  3  4 |
---------------+-------------+-----
Transmutations | 3 |  3.0
Poison Magic   | 1 2 |  2.4
Fighting       | |  1.0
Dodging        | |  2.0
Unarmed Combat | |  3.3
Spellcasting   | |  2.8

Action                   |  1- 3 |  4- 6 || total
-------------------------+-------+-------++-------
Melee: Unarmed           |    76 |    23 ||    99
       Constrict         |    23 |     7 ||    30
       Kick              |    15 |     4 ||    19
       Tentacles         |    10 |     6 ||    16
       Punch             |     1 |       ||     1
 Cast: Beastly Appendage |    22 |     7 ||    29
 Stab: Sleeping          |     2 |     1 ||     3
  Eat: Chunk             |     3 |     1 ||     4
Armor: Skin              |     6 |       ||     6
Dodge: Dodged            |    43 |    11 ||    54

Table legend:
 A = Non-vault XP
 B = Vault XP
 C = Vault XP percentage of total XP
 D = Non-vault monster count
 E = Vault monster count
 F = Vault count percentage of total count
                 A         B        C        D         E       F
            +---------+---------+-------+---------+---------+-------
      Total |     137 |       0 |   0.0 |      46 |       0 |   0.0
            +---------+---------+-------+---------+---------+-------
        D:1 |      42 |       0 |   0.0 |      23 |       0 |   0.0
        D:2 |      55 |       0 |   0.0 |      14 |       0 |   0.0
        D:3 |      40 |       0 |   0.0 |       9 |       0 |   0.0
            +---------+---------+-------+---------+---------+-------
